Unix NetHack Version 5.0.0-0 post-release - last build Jun 10 2026 00:39:30 (3ee93aec679c4c4259841fe613dc97188e26a321,branch:main).

Game began 2026-06-29 23:20:41, ended 2026-06-30 00:04:28.

Jinnora, neutral female human Wizard

                ...
                -......   ------.
               --%*..^..  |...|.-
               |@g..%.%.- -.....|
               #.. ............-
                      .|.....--
                       --.|.--

Jinnora the Thaumaturge   St:10 Dx:14 Co:14 In:18 Wi:11 Ch:12  Neutral
Dlvl:9  $:170 HP:0(49) Pw:3(72) AC:7  Xp:7/729 T:3800  Burdened

Latest messages:
 You hit the gnome.
 The dwarf swings his broad pick.
 The dwarf hits!
 You kill the gnome!
 You hit the dwarf!
 You hit the dwarf!
 You miss the dwarf.
 The dwarf swings his broad pick.
 The dwarf just misses!
 You kill the dwarf!
 You are still in a pit.
 You are still in a pit.
 You are hit by a dart.
 You are still in a pit.
 You are hit by a dart.
 You crawl to the edge of the pit.
 There are several objects here.
 In what direction? .
 You feel better.
 The gnome hits!
 You kill the gnome!
 You see here a white gem.
 The gremlin hits!
 The gremlin hits again!
 The gremlin bites!
 The gremlin hits!
 You hit the gremlin.
 The gremlin hits!
 The gremlin hits again!
 The gremlin bites!
 The gremlin hits!
 In what direction? .
 You feel better.
 You kill the gnome!
 You hit the gremlin!
 The gremlin hits!
 The gremlin hits again!
 The gremlin bites!
 The gremlin hits!
 You miss the gremlin.
 You miss the gremlin.
 The gremlin hits!
 The gremlin hits again!
 The gremlin bites!
 The gremlin hits!
 You hit the gremlin.
 The gremlin hits!
 You die...
 Do you want your possessions identified? [ynq] (y) y
 Do you want to see your attributes? [ynq] (y) q

Inventory:
 Coins    ('$')
  $ - 170 gold pieces
 Weapons  (')')
  z - an uncursed +0 elven dagger
  a - a blessed +1 quarterstaff (weapon in hands)
 Armor    ('[')
  K - an uncursed +0 elven leather helm (being worn)
  D - a cursed -1 helm of opposite alignment
  I - an uncursed +0 pair of speed boots (being worn)
  b - an uncursed +0 cloak of magic resistance (being worn)
  C - a blessed +0 Hawaiian shirt with a water nymph motif
 Comestibles  ('%')
  U - an uncursed clove of garlic
  t - 3 uncursed food rations
  L - an uncursed sprig of wolfsbane
  W - 2 uncursed tripe rations
 Scrolls  ('?')
  j - an uncursed scroll of confuse monster
  s - an uncursed scroll of create monster
  k - an uncursed scroll of enchant weapon
  m - an uncursed scroll of fire
  v - an uncursed scroll of identify
  V - a cursed scroll of magic mapping
  l - an uncursed scroll of taming
 Potions  ('!')
  h - an uncursed potion of confusion
  g - an uncursed potion of enlightenment
  T - an uncursed potion of gain energy
  x - 6 uncursed potions of healing
  f - an uncursed potion of monster detection
  H - a cursed potion of see invisible
  A - a potion of unholy water
 Rings    ('=')
  e - an uncursed +1 ring of increase accuracy (on right hand)
  d - an uncursed ring of shock resistance
  O - an uncursed ring of slow digestion
 Wands    ('/')
  o - an uncursed wand of digging (0:4)
  p - an uncursed wand of light (0:13)
  J - an uncursed wand of magic missile (0:6)
  c - an uncursed wand of slow monster (0:5)
 Tools    ('(')
  w - an uncursed magic marker (0:89)
  r - an uncursed magic marker (0:32)
  n - an uncursed magic marker (0:19)
  Z - an uncursed +0 pick-axe
  u - an uncursed skeleton key
  B - an uncursed partly used wax candle
 Gems/Stones  ('*')
  X - an uncursed amber stone
  Q - an uncursed jasper stone
  G - an uncursed jet stone
  S - an uncursed obsidian stone
  M - an uncursed worthless piece of blue glass
  F - an uncursed worthless piece of green glass
  R - an uncursed worthless piece of red glass
  N - an uncursed worthless piece of violet glass
  q - an uncursed worthless piece of white glass
  P - an uncursed touchstone

Jinnora the Wizard's attributes:

Background:
 You were a Thaumaturge, a level 7 female human Wizard.
 You were neutral, on a mission for Thoth
 who was opposed by Ptah (lawful) and Anhur (chaotic).
 You were right-handed.
 You were in the Gnomish Mines, on level 9.
 You entered the dungeon 3800 turns ago.
 It was the midnight hour.
 There was a full moon in effect when your adventure ended.
 You had 729 experience points, 551 more were needed to attain level 8.

Basics:
 You had 0 out of 49 hit points.
 You had 3 out of 72 energy points (spell power).
 Your armor class was 7.
 Your wallet contained 170 zorkmids.
 Autopickup was off.

Final Characteristics:
 Your strength was 10 (limit:18/100).
 Your dexterity was 14 (limit:18).
 Your constitution was 14 (limit:18).
 Your intelligence was 18 (limit:18).
 Your wisdom was 11 (limit:18).
 Your charisma was 12 (limit:18).

Final Status:
 You weren't hungry.
 You were burdened; movement was slightly slowed.
 You were wielding a quarterstaff.
 You had basic skill with quarterstaff and could have enhanced that.

Final Attributes:
 You were piously aligned.
 You were magic-protected.
 You were telepathic.
 You had a small bonus to hit (+1).
 You were warded.
 You were very fast.
 You were lucky.
 You are dead.

Miscellaneous:
 You encountered 1 bones level.
 Total elapsed playing time was 43 minutes and 46 seconds.

Major events:
 Turn
    1: Jinnora the neutral female human Wizard entered the dungeon
  567: attained the rank of Conjurer (level 3)
 2753: entered the Gnomish Mines
 2853: attained the rank of Thaumaturge (level 6)
 3485: reached Mine Town
 3800: killed by a gremlin

Spells:
 Name                 Level Category     Fail Retention
 force bolt             1   attack         0%   81%-90%
 detect food            2   divination    31%  76%-100%
 healing                1   healing        0%  76%-100%
 create monster         2   clerical      31%  76%-100%

Skills:
 Fighting Skills
   bare handed combat [Unskilled]
   riding             [Unskilled]
 Weapon Skills
   dagger             [Unskilled]
   knife              [Unskilled]
   axe                [Unskilled]
   short sword        [Unskilled]
   club               [Unskilled]
   mace               [Unskilled]
   quarterstaff       [Basic]
   polearms           [Unskilled]
   spear              [Unskilled]
   trident            [Unskilled]
   sling              [Unskilled]
   dart               [Unskilled]
   shuriken           [Unskilled]
 Spellcasting Skills
   attack spells      [Basic]
   healing spells     [Unskilled]
   divination spells  [Unskilled]
   enchantment spells [Basic]
   clerical spells    [Unskilled]
   escape spells      [Unskilled]
   matter spells      [Unskilled]

Voluntary challenges:
 Character rerolling was not enabled.
 You never genocided any monsters.
 You never polymorphed an object.
 You never changed form.
 You used no wishes.
Achievements:
 You entered a shop.
 You attained the rank of Conjurer.
 You entered the Gnomish Mines.
 You attained the rank of Thaumaturge.
 You entered Minetown.
 You entered a temple.

 The Dungeons of Doom: levels 1 to 6
    Level 1:
       A sink.
    Level 2:
       A general store.
    Level 3:
       A vegetarian food shop, a fountain.
       Stairs down to The Gnomish Mines.
    Level 4:
       An armor shop, some fountains.
    Level 5:
       An armor shop, a grave.
    Level 6:
 The Gnomish Mines: levels 4 to 9
    Level 4:
    Level 5:
    Level 6:
    Level 7:
       A temple and an altar, a fountain.
    Level 8:
       Final resting place for
          Slumptzy-Wiz-Hum-Mal-Neu, killed by a soldier ant.
    Level 9: <- You were here.
       Final resting place for
          you, killed by a gremlin.


Vanquished creatures:
  a large mimic
  a small mimic
  a gnome ruler
  a gnome mummy
  a bugbear
  a water nymph
  a mountain nymph
  a pony
  7 gnome leaders
  2 gnomish wizards
  a straw golem
  2 floating eyes
  8 dwarves
  a homunculus
  a rothe
  2 orc zombies
  a wererat
  2 iguanas
  a gas spore
  3 manes
  a hobgoblin
  a red mold
 34 gnomes
  9 jackals
  2 kobolds
  2 goblins
  5 lichens
  5 newts
98 creatures vanquished.

No species were genocided or became extinct.

Game over:
                       ----------
                      /          \
                     /    REST    \
                    /      IN      \
                   /     PEACE      \
                  /                  \
                  |     Jinnora      |
                  |      170 Au      |
                  |   killed by a    |
                  |     gremlin      |
                  |                  |
                  |                  |
                  |       2026       |
                 *|     *  *  *      | *
        _________)/\\_//(\/(/\)/\//\/|_)_______

Goodbye Jinnora the Wizard...

You died in The Gnomish Mines on dungeon level 9 with 3489 points,
and 170 pieces of gold, after 3800 moves.
You were level 7 with a maximum of 49 hit points when you died.

